 Dungeon Crawl Stone Soup version 0.30-a0-721-ga6a225cb13 (webtiles) character file.

Game seed: 8814244014353593222

21 Bnni the Shooter (level 3, 28/28 HPs)
             Began as a Formicid Hunter on Jan 27, 2023.
             Was a Follower of Wu Jian.
             Quit the game on level 1 of the Dungeon.
             The game lasted 00:01:31 (430 turns).

Bnni the Shooter (Formicid Hunter)                   Turns: 430, Time: 00:01:32

Health: 28/28      AC:  4    Str: 15    XL:     3   Next: 5%
Magic:  3/3        EV: 12    Int:  8    God:    Wu Jian [*.....]
Gold:   3          SH:  0    Dex: 19    Spells: 2/2 levels left

rFire   . . .      SeeInvis +    a - +0 shortbow
rCold   . . .      Faith    .    (no shield)
rNeg    . . .      Spirit   .    c - +0 leather armour
rPois   .          Reflect  .    (helmet unavailable)
rElec   .          Harm     .    (no cloak)
rCorr   .          Rampage  .    d - +0 pair of gloves
Will    .....                    (no boots)
Stlth   ++                       (no amulet)
HPRegen 0.24/turn                (no ring)
MPRegen 0.08/turn                (no ring)

@: no status effects
A: permanent stasis, dig shafts and tunnels, antennae 3, four strong arms
a: Dig, Shaft Self, Renounce Religion


You were on level 1 of the Dungeon.
You worshipped Wu Jian.
Wu Jian was aware of your devotion.
You visited 1 branch of the dungeon, and saw 1 of its levels.

You collected 3 gold pieces.

Inventory:

Hand Weapons
 a - a +0 shortbow (weapon)
Armour
 c - a +0 leather armour (worn)
 d - a +0 pair of gloves (worn)
 e - a +0 tower shield
Jewellery
 i - a ring of ice
Scrolls
 b - a scroll of immolation
 g - a scroll of identify {unknown}
Potions
 f - a potion of curing {unknown}
 h - a potion of brilliance {unknown}


   Skills:
 + Level 2.6 Fighting
 * Level 4.4 Ranged Weapons
 - Level 1.7 Dodging
 - Level 1.2 Stealth
 + Level 1.3 Shields


You had 2 spell levels left.
You didn't know any spells.
Your spell library contained the following spells:

 Spells                   Type           Power      Damage    Failure   Level
 Ensorcelled Hibernation  Hex/Ice        0%         N/A       63%         2
 Passwall                 Tmut/Erth      0%         N/A       63%         2
 Swiftness                Air            Unusable   N/A       N/A         3

Dungeon Overview and Level Annotations

Branches:
Dungeon (1/15)

Altars:
Wu Jian

Shops:
D:1 [


Innate Abilities, Weirdness & Mutations

You cannot be hasted, slowed, berserked, paralysed or teleported.
You can dig through walls and to a lower floor.
You have a pair of large antennae on your head. (SInv)
Your four strong arms can wield two-handed weapons with a shield.


Message History

The ball python is severely wounded.
The ball python bites you. The ball python constricts you.
The ball python bites you but does no damage.
The ball python constricts you.
You shoot an arrow. The arrow hits the ball python!
You kill the ball python!
The Council accepts your kill. The hobgoblin barely misses you.
You shoot an arrow. The arrow barely misses the hobgoblin.
The arrow hits the ball python.
The ball python is severely wounded.
The hobgoblin hits you but does no damage.
You shoot an arrow.
The arrow hits the hobgoblin but does no damage.
The hobgoblin hits you but does no damage.
You shoot an arrow.
The arrow hits the hobgoblin but does no damage.
The hobgoblin barely misses you. x2
You shoot an arrow. The arrow closely misses the hobgoblin.
The arrow hits the ball python!
You kill the ball python!
The Council accepts your kill.
The hobgoblin hits you but does no damage.
You have reached level 3!
Your experience leads to an increase in your attributes!
Increase (S)trength, (I)ntelligence, or (D)exterity?
You feel agile. x2
You shoot an arrow. The arrow hits the hobgoblin!
You kill the hobgoblin!
The Council accepts your kill.
Things that are here:
a +0 club; a hobgoblin corpse; a ball python corpse You see here a ball python corpse.
You now have 3 gold pieces.
There is a broken door here.
There is a broken door here.
You see here a +3 short sword.
i - a ring of ice
Found a plate armour.
Are you sure you want to abandon this character and quit the game? (Confirm with "yes".)

.# { #### ..... { .. .
.#.... { ..# .# .##.##
#.###.# .. .#
########.....#
########..........#.####
.......+................
...#####...............[
...# #........@.......
...#####................
..............#######+##
............#.#
###########.#.# {
#...#.#.# #.#.#.#.#
#+### #.#.#.#.# ....#
#.#.#.#.###


There were no monsters in sight!

Vanquished Creatures
  4 ball pythons (D:1)
  A bat (D:1)
  A giant cockroach (D:1)
  4 goblins (D:1)
  4 hobgoblins (D:1)
  2 quokkas (D:1)
  A frilled lizard (D:1)
17 creatures vanquished.

Notes
Turn   | Place    | Note
-------+----------+-------------------------------------------
     0 | D:1      | Bnni the Formicid Hunter began the quest for the Orb.
     0 | D:1      | Reached XP level 1. HP: 16/16 MP: 1/1
   128 | D:1      | Reached XP level 2. HP: 23/23 MP: 2/2
   130 | D:1      | Reached skill level 1 in Shields
   305 | D:1      | Found Futung's Antique Armour Shop.
   333 | D:1      | Found a faded altar of an unknown god.
   342 | D:1      | Prayed at the altar of an unknown god.
   342 | D:1      | Became a worshipper of the Wu Jian Council
   342 | D:1      | Reached * piety under Wu Jian
   385 | D:1      | Reached XP level 3. HP: 28/28 MP: 3/3
   430 | D:1      | Quit the game

Illustrated notes

Levels and vault maps discovered:
D:1:      lemuel_arrival_behind_the_door_large, layout_basic,
          basic_ecumenical_altar, serial_shops, shop,
          chequers_serial_rivers_micro_c

Skill      XL: |  1  2 |
---------------+-------+-----
Shields        | 1 |  1.3
Fighting       | |  2.6
Ranged Weapons | |  4.4
Dodging        | |  1.7
Stealth        | |  1.2

Action                     || total
---------------------------++-------
   Fire: Shortbow          ||    48
 Armour: Leather armour    ||    16
  Dodge: Dodged            ||    26

Table legend: (Time is in decaauts)
 A = Elapsed time spent in this place.
 B = Non-inter-level travel time spent in this place.
 C = Inter-level travel time spent in this place.
 D = Time resting spent in this place.
 E = Time spent auto-exploring this place.
 F = Levels seen in this place.
 G = Mean time per level.
                   A        B        C        D        E       F      G
               +--------+--------+--------+--------+--------+-----+--------+
         Total |    445 |    423 |     22 |      0 |    277 |   1 |  445.0 |
       Dungeon |    445 |    423 |     22 |      0 |    277 |   1 |  445.0 |
               +--------+--------+--------+--------+--------+-----+--------+

Top non-repeatable levels by time:
     D:1: 445 daAuts
